 Dungeon Crawl Stone Soup version 0.28-a0-925-gd5e1996cdb (webtiles) character file.

Game seed: 8346878390168781615

226 Anon1729 the Cudgeller (level 5, 0/47 HPs)
             Began as a Minotaur Monk on Nov 26, 2021.
             Slain by Grinder (2 damage)
             ... on level 3 of the Dungeon.
             The game lasted 00:06:31 (4059 turns).

Anon1729 the Cudgeller (Minotaur Monk)              Turns: 4059, Time: 00:06:32

Health: 0/47       AC:  3    Str: 16    XL:     5   Next: 69%
Magic:  4/4        EV: 13    Int:  7    God:
Gold:   125        SH:  0    Dex: 13    Spells: 4/4 levels left

rFire   . . .      SeeInvis .   a - +0 mace
rCold   . . .      Faith    .   (no shield)
rNeg    . . .      Spirit   .   k - +0 leather armour
rPois   +          Reflect  .   (helmet restricted)
rElec   .          Harm     .   (no cloak)
rCorr   +          Rampage  .   (no gloves)
Will    .....                   (no boots)
Stlth   ++........              (no amulet)
HPRegen 0.15/turn               f - ring of poison resistance
MPRegen 0.09/turn               i - ring of resist corrosion

@: no status effects
A: horns 2, retaliatory headbutt
a: no special abilities


You were on level 3 of the Dungeon.
You visited 1 branch of the dungeon, and saw 4 of its levels.
You also visited: Ossuary.

You collected 125 gold pieces.

Inventory:

Hand Weapons
 a - a +0 mace (weapon)
Armour
 b - a +0 robe
 k - a +0 leather armour (worn)
Jewellery
 f - a ring of poison resistance (left hand)
 i - a ring of resist corrosion (right hand)
Scrolls
 d - 3 scrolls of blinking
 e - a scroll of amnesia {unknown}
 h - 2 scrolls of enchant armour
 o - 2 scrolls of fog
 q - 2 scrolls of enchant weapon
 s - a scroll of immolation
 w - a scroll of torment {unknown}
Potions
 c - 3 potions of brilliance {unknown}
 j - a potion of lignification {unknown}
 l - a potion of might {unknown}
 m - 3 potions of curing {unknown}
 n - a potion of haste {unknown}
 p - a potion of berserk rage {unknown}
 r - 2 potions of attraction {unknown}
 t - a potion of mutation
 u - a potion of invisibility {unknown}
 v - a potion of cancellation {unknown}


   Skills:
 + Level 4.5 Fighting
 * Level 5.3 Maces & Flails
 + Level 2.1 Armour
 + Level 4.2 Dodging
 + Level 2.6 Stealth


You had 4 spell levels left.
You didn't know any spells.
Your spell library contained the following spells:

 Spells                   Type           Power      Damage    Failure   Level
 Animate Skeleton         Necr           0%         N/A       50%         1
 Pain                     Necr           0%         1d4       50%         1
 Vampiric Draining        Necr           0%         2d6       86%         3


Dungeon Overview and Level Annotations

Branches:
Dungeon (4/15)            Ossuary (visited)
 Temple: D:4-7

Altars:

Annotations:
D:3 Grinder


Innate Abilities, Weirdness & Mutations

You have a pair of horns on your head.
You reflexively headbutt those who attack you in melee.


Message History

Things that are here:
a +0 dagger; a +0 leather armour; an orc corpse
There is a stone staircase leading down here.
You aren't carrying any items that you can evoke.
You are too injured to fight recklessly!
Throw: 5 javelins
Press: ? - help, Q - select action Shift-Dir - straight line, f - Grinder
Aim: Grinder (severely wounded, 55% to hit)
You throw a javelin. The javelin closely misses Grinder.
Grinder says, "FISH!"
Throw: 4 javelins
Press: ? - help, Q - select action Shift-Dir - straight line, f/p - Grinder
Aim: Grinder (severely wounded, 55% to hit)
You throw a javelin. The javelin closely misses Grinder.
Grinder blinks!
Throw: 3 javelins
Press: ? - help, Q - select action Shift-Dir - straight line, f/p - Grinder
Aim: Grinder (severely wounded, 55% to hit)
You throw a javelin. The javelin barely misses Grinder.
Throw: 2 javelins
Press: ? - help, Q - select action Shift-Dir - straight line, f/p - Grinder
Aim: Grinder (severely wounded, 55% to hit)
You throw a javelin. The javelin closely misses Grinder.
Throw: javelin
Press: ? - help, Q - select action Shift-Dir - straight line, f/p - Grinder
Aim: Grinder (severely wounded, 55% to hit)
You throw a javelin. The javelin barely misses Grinder.
Unknown command.
You hit Grinder.
Grinder is severely wounded.
Grinder hits you!
* * * LOW HITPOINT WARNING * * *
You writhe in agony.
* * * LOW HITPOINT WARNING * * *
You thump Grinder! You headbutt Grinder, but do no damage.
Grinder is almost dead.
Grinder barely misses you. Grinder hits you.
* * * LOW HITPOINT WARNING * * *
You writhe in agony.
You die...

#......#
#...(..#
#......#
###..###
##.# #)#
#.# #5#
#@# ###


You could see Grinder.

Vanquished Creatures
  A human zombie (Ossuary)
  4 mummies (Ossuary)
  A hound skeleton (D:4)
  3 adders
  3 river rats (D:4)
  7 worms (D:4)
  An orc (D:3)
  2 endoplasms
  2 giant cockroaches (D:4)
  3 gnoll zombies (Ossuary)
  6 goblins
  4 hobgoblins
  6 jackals
  2 quokkas
  3 ball pythons
  3 bats
  A frilled lizard (D:1)
  A hobgoblin zombie (Ossuary)
  3 kobolds
  2 kobold zombies (Ossuary)
  An orc zombie (Ossuary)
  3 rats
62 creatures vanquished.

Notes
Turn   | Place    | Note
-------+----------+-------------------------------------------
     0 | D:1      | Anon1729 the Minotaur Monk began the quest for the Orb.
     0 | D:1      | Reached XP level 1. HP: 19/19 MP: 0/0
   519 | D:1      | Reached XP level 2. HP: 22/27 MP: 1/1
   920 | D:2      | Reached skill level 4 in Maces & Flails
  1219 | D:2      | Reached XP level 3. HP: 31/33 MP: 2/2
  1511 | D:2      | You fall into a shaft and drop 2 floors!
  1519 | D:4      | Found a sand-covered staircase.
  1524 | Ossuary  | Entered an ossuary
  1555 | Ossuary  | Reached skill level 1 in Armour
  1560 | Ossuary  | Reached XP level 4. HP: 26/40 MP: 3/3
  2454 | D:4      | Reached skill level 5 in Maces & Flails
  2454 | D:4      | Reached XP level 5. HP: 39/47 MP: 4/4
  3998 | D:3      | Noticed Grinder
  4041 | D:3      | Paralysed by Grinder for 4 turns
  4059 | D:3      | HP: 2/47 [Grinder (6)]
  4059 | D:3      | Slain by Grinder

Illustrated notes

Levels and vault maps discovered:
D:1:      minmay_arrival_wavy_path, layout_rooms, serial_rivers,
          chequers_serial_rivers_small_b, chequers_serial_rivers_marsh,
          chequers_serial_rivers_micro_d, chequers_serial_rivers_large_a,
          chequers_serial_rivers_micro_c, chequers_jeans, minmay_pentomino_t2
D:2:      layout_basic, serial_co_window_serial, co_window_corner_a,
          co_window_corner_a, co_window_paths_a, co_window_corner_a,
          co_window_corner_a, co_window_paths_a, co_window_paths_b,
          co_window_cross_2, co_window_corner_b, co_window_broadway_b,
          co_window_4corner_a, glass_columns_a
D:3:      layout_basic, hellmonk_ecumenical_altar_pennies_from_heaven,
          uniq_grinder, uniq_jessica
D:4:      layout_basic, portal_sewer_entry_e, enter_ossuary_2,
          chequers_arboretum, nicolae_wormholes

Skill      XL: |  1  2  3  4  5 |
---------------+----------------+-----
Maces & Flails | 4 5 |  5.3
Fighting       | 4 |  4.5
Stealth        | 2 |  2.6
Armour         | 1 2 |  2.1
Dodging        | 4 |  4.2

Action                   |  1- 3 |  4- 6 || total
-------------------------+-------+-------++-------
Melee: Mace              |    46 |   132 ||   178
       Headbutt          |     6 |    28 ||    34
Throw: Javelin           |     5 |    14 ||    19
  Use: Scroll            |       |     4 ||     4
 Stab: Sleeping          |     3 |     3 ||     6
Armor: Robe              |     6 |       ||     6
       Leather armour    |     1 |    15 ||    16
Dodge: Dodged            |    33 |    69 ||   102

Table legend: (Time is in decaauts)
 A = Elapsed time spent in this place.
 B = Non-inter-level travel time spent in this place.
 C = Inter-level travel time spent in this place.
 D = Time resting spent in this place.
 E = Time spent auto-exploring this place.
 F = Levels seen in this place.
 G = Mean time per level.
                   A        B        C        D        E       F      G
               +--------+--------+--------+--------+--------+-----+--------+
         Total |   4113 |   4015 |     98 |    762 |   2199 |   5 |  822.6 |
       Dungeon |   3482 |   3384 |     98 |    434 |   2109 |   4 |  870.5 |
       Ossuary |    631 |    631 |      0 |    328 |     90 |   1 |  631.0 |
               +--------+--------+--------+--------+--------+-----+--------+

Top non-repeatable levels by time:
     D:4: 1665 daAuts
     D:1: 805 daAuts
     D:2: 724 daAuts
 Ossuary: 631 daAuts
     D:3: 286 daAuts
